 Dungeon Crawl Stone Soup version 0.18-a0-917-g8a3da5b (webtiles) character file.

125624 Duffy the Eclecticist (level 16, 160/160 HPs)
             Began as a Red Draconian Wizard on Dec 26, 2015.
             Was the Champion of Vehumet.
             Quit the game on level 2 of the Abyss.
             The game lasted 01:54:01 (50218 turns).

Duffy the Eclecticist (Red Draconian Wizard)       Turns: 50218, Time: 01:54:01

Health: 160/160    AC: 22    Str:  9    XL:     16   Next: 42%
Magic:  12/35      EV: 16    Int: 26    God:    Vehumet [******]
Gold:   1273       SH:  6    Dex: 10    Spells: 11 memorised, 6 levels left

rFire  + + .     SeeInvis .     J - +3 scimitar (protect)
rCold  . . .     Gourm    .     (armour unavailable)
rNeg   . . .     Faith    .     K - +2 buckler {rF+}
rPois  +         Spirit   .     O - +0 hat
rElec  .         Dismiss  .     (no cloak)
rCorr  .         Reflect  .     o - +2 pair of gloves
SustAt .         Harm     .     E - +0 pair of boots
MR     +....                    F - amulet of regeneration
Stlth  +++.......               s - ring of poison resistance
                                m - +4 ring of protection

@: very slightly contaminated, delayed fireball, repel missiles, invisible,
somewhat resistant to hostile enchantments, fairly stealthy
A: breathe fire, unfitting armour, fire resistance 1, robust 1, cold-blooded, AC
+9
a: Breathe Fire, Renounce Religion, Release Delayed Fireball


You were on level 2 of the Abyss.
You worshipped Vehumet.
Vehumet was exalted by your worship.
You were hungry.

You visited 5 branches of the dungeon, and saw 27 of its levels.
You visited the Abyss 2 times.
You also visited: Ossuary and Volcano.

You collected 2552 gold pieces.
You spent 1279 gold pieces at shops.


Innate Abilities, Weirdness & Mutations

You can breathe blasts of fire.
Your fiery red scales are hard (AC +9).
Your body does not fit into most forms of armour.
Your flesh is heat resistant.
You are cold-blooded and may be slowed by cold attacks.
You are robust (+10% HP).


   Skills:
 - Level 14.0 Fighting
 - Level 10.0 Dodging
 - Level 8.0 Stealth
 - Level 4.4 Shields
 - Level 15.0 Spellcasting
 - Level 11.2 Conjurations
 - Level 5.0 Charms
   Level 1.0 Summonings
 + Level 5.9 Necromancy
 - Level 2.0 Translocations
 - Level 11.2 Fire Magic


You had 6 spell levels left.
You knew the following spells:

 Your Spells              Type           Power        Failure   Level  Hunger
a - Magic Dart            Conj           ####         1%          1    None
b - Mephitic Cloud        Conj/Pois/Air  #####...     1%          3    None
i - Iskenderun's Battles  Conj/Chrm      ######..     1%          5    #......
j - Fireball              Conj/Fire      ######....   1%          5    #......
l - Bolt of Fire          Conj/Fire      ######....   1%          6    ####...
n - Conjure Flame         Conj/Fire      ######..     1%          3    None
o - Orb of Destruction    Conj           ######....   7%          7    ######.
r - Regeneration          Chrm/Necr      #####.....   1%          3    None
B - Blink                 Tloc           N/A          1%          2    None
J - Delayed Fireball      Conj/Fire      N/A          7%          7    ######.
M - Repel Missiles        Chrm/Air       ####..       1%          2    None

Inventory:

Hand Weapons
 a - a +0 blowgun
 J - a +3 scimitar of protection (weapon)
Missiles
 H - 80 poisoned needles
 M - 9 throwing nets (quivered)
 X - 5 curare-tipped needles
Armour
 o - a +2 pair of gloves (worn)
 E - a +0 pair of boots (worn)
 K - a +2 buckler of fire resistance (worn)
 O - a +0 hat (worn)
Jewellery
 m - a +4 ring of protection (left hand)
 p - a +2 ring of evasion
 s - a ring of poison resistance (right hand)
 v - an uncursed amulet of resist corrosion
 F - an amulet of regeneration (around neck)
Wands
 L - a wand of paralysis (18/24)
 N - a wand of digging (4/24)
 R - a wand of lightning (5/15)
 W - a wand of digging (10/24)
 Y - a wand of disintegration (8/24)
Scrolls
 b - a scroll of brand weapon
 i - 3 scrolls of immolation
 j - 14 scrolls of remove curse
 k - 2 scrolls of enchant armour
 l - a scroll of teleportation
 q - a scroll of vulnerability
 r - 5 scrolls of recharging
 t - 5 scrolls of magic mapping
 u - 6 scrolls of enchant weapon
 w - 6 scrolls of fog
 x - a scroll of holy word
 y - 2 scrolls of identify
 C - a scroll of blinking
 G - 3 scrolls of fear
 T - 2 scrolls of amnesia
Potions
 d - 3 potions of might
 e - 4 potions of cancellation
 f - 4 potions of resistance
 g - 9 potions of brilliance
 n - a potion of haste
 z - 5 potions of heal wounds
 A - 12 potions of curing
 B - 3 potions of lignification
 D - 4 potions of agility
 I - 2 potions of berserk rage
 U - 2 potions of ambrosia
Comestibles
 c - 18 bread rations
 h - 10 meat rations
 Q - 17 fruits

Dungeon Overview and Level Annotations

Branches:
Dungeon (15/15)            Temple (1/1) D:7            Lair (8/8) D:11
  Swamp (1/4) Lair:4        Snake (0/4) Lair:6        Slime (0/6) Lair:7
    Orc (2/2) D:12            Elf (0/3) Orc:2        Vaults (0/5) D:14
 Depths (0/5) D:15

Altars:
Ashenzari
Cheibriados
Dithmenos
Elyvilon
Fedhas
Gozag
Kikubaaqudgha
Makhleb
Nemelex Xobeh
Okawaru
Pakellas
Qazlal
Ru
Sif Muna
Trog
Vehumet
Xom
Yredelemnul
Zin
The Shining One

Shops:
D:4 !   D:7 (   D:13 (   Orc:1 =   Orc:2 (?}?

Portals:
Trove: D:12 (give +4 storm dragon armour)

Annotations:
Lair:4 Louise


Message History

...and don't expect to remain undetected.
Louise points at something and mumbles some strange words.
You resist with significant effort. The swamp worm barely misses you.
The swamp worm completely misses you.
You strike the helpless swamp worm from behind!
You slice the swamp worm!!
The swamp worm is almost dead.
The swamp worm bites you but does no damage.
The swamp worm barely misses you.
You slash the swamp worm!
You kill the swamp worm!
Vehumet accepts your kill.
You feel your power returning.
You are feeling hungry.
Louise hits you but does no damage.
You hit Louise.
Louise is lightly wounded.
Louise barely misses you. Louise blocks your attack.
Louise is lightly wounded.
Louise hits you but does no damage.
You catch the helpless Louise completely off-guard!
You hit Louise.
Louise is lightly wounded.
Louise misses you.
You hit Louise. You tail-slap Louise, but do no damage.
Louise is moderately wounded.
Louise gestures at you while chanting.
You are cast into the Abyss!
To return, you must find a gate leading back.
Welcome to the Abyss!
This branch contains the abyssal rune of Zot.
Found a scroll of identify and 33 gold pieces.
Found a corrupted altar of Lugonu.
Are you sure you want to abandon this character and quit the game? (Confirm with "yes".)

.. ..# # #.# ##.
#.# # ...####.# .#
.# #
...##.##.##... ##
#.####.##.........
..##.........@..#
. #..........### .
##...##......#
..#.#...#......#
..............#
#............#
#..#........#
##........?##
.~~~7....#


There were no monsters in sight!

Action                   |  1- 3 |  4- 6 |  7- 9 | 10-12 | 13-15 | 16-18 || total
-------------------------+-------+-------+-------+-------+-------+-------++-------
Melee: Unarmed           |     2 |       |       |       |       |       ||     2
       Dagger            |    14 |   188 |   618 |   471 |   291 |     1 ||  1583
       Scimitar          |       |       |       |       |       |    25 ||    25
 Fire: Blowgun           |       |       |       |       |     9 |       ||     9
 Cast: Magic Dart        |   105 |    14 |     3 |   291 |   743 |   146 ||  1302
       Repel Missiles    |     1 |       |     1 |     1 |       |     1 ||     4
       Call Imp          |       |    32 |    82 |    30 |       |       ||   144
       Mephitic Cloud    |       |     1 |     5 |     7 |       |       ||    13
       Fireball          |       |       |       |    83 |   115 |     3 ||   201
       Blink             |       |       |       |     2 |     9 |       ||    11
       Iskenderun's Batt |       |       |       |    70 |   177 |    35 ||   282
       Conjure Flame     |       |       |       |     9 |    31 |       ||    40
       Bolt of Fire      |       |       |       |       |   157 |    71 ||   228
       Delayed Fireball  |       |       |       |       |     1 |       ||     1
Evoke: Wand              |       |       |       |     3 |     6 |       ||     9
  Use: Scroll            |       |       |    13 |     6 |    17 |     3 ||    39
       Potion            |       |       |       |     1 |     2 |     1 ||     4
 Stab: Sleeping          |     1 |     2 |       |       |       |       ||     3
       Confused          |       |       |     4 |     1 |       |       ||     5
       Distracted        |       |       |     3 |       |       |       ||     3
       Invisible         |       |       |       |       |       |     3 ||     3
  Eat: Chunk             |     5 |     7 |    21 |    55 |    92 |    18 ||   198
       Pizza             |       |       |     1 |     1 |     2 |       ||     4
       Beef jerky        |       |       |     1 |     5 |     4 |     1 ||    11
       Royal jelly       |       |       |       |     1 |       |       ||     1
       Bread ration      |       |       |       |       |     1 |       ||     1
       Fruit             |       |       |       |       |     8 |     6 ||    14

Notes
Turn   | Place    | Note
--------------------------------------------------------------
     0 | D:1      | Duffy the Draconian Wizard began the quest for the Orb.
     0 | D:1      | Reached XP level 1. HP: 14/14 MP: 4/4
   430 | D:1      | Reached XP level 2. HP: 20/20 MP: 3/6
   506 | D:1      | Reached skill level 2 in Conjurations
  1380 | D:2      | Learned a level 2 spell: Blink
  1383 | D:2      | Learned a level 2 spell: Repel Missiles
  1386 | D:2      | Learned a level 2 spell: Call Imp
  1527 | D:2      | Reached skill level 3 in Conjurations
  1527 | D:2      | Reached XP level 3. HP: 26/26 MP: 0/7
  2491 | D:3      | Found an oddly glowing altar of Pakellas.
  2501 | D:3      | Reached XP level 4. HP: 31/33 MP: 8/8
  2744 | D:3      | Reached skill level 4 in Conjurations
  3170 | D:3      | Noticed Robin
  3447 | D:3      | Reached XP level 5. HP: 38/38 MP: 10/10
  3487 | D:3      | Killed Robin
  3564 | D:3      | Found a stormy altar of Qazlal.
  3707 | D:3      | Learned a level 3 spell: Mephitic Cloud
  3727 | D:4      | Found Ifruodd's Distillery.
  3729 | D:4      | Found a sparkling altar of Nemelex Xobeh.
  3776 | D:4      | Bought a potion of heal wounds for 65 gold pieces
  3776 | D:4      | Bought a potion of curing for 39 gold pieces
  3776 | D:4      | Bought a potion of lignification for 39 gold pieces
  3798 | D:4      | Bought a potion of degeneration for 13 gold pieces
  3872 | D:4      | Found a bloodstained altar of Trog.
  3965 | D:4      | Noticed a phantom
  4038 | D:4      | Killed a phantom
  4038 | D:4      | Reached skill level 4 in Spellcasting
  4286 | D:4      | Noticed an ogre
  4314 | D:4      | Killed an ogre
  4314 | D:4      | Reached XP level 6. HP: 45/45 MP: 2/12
  4544 | D:4      | Noticed Grinder
  4592 | D:4      | Paralysed by Grinder for 3 turns
  4638 | D:4      | Paralysed by Grinder for 3 turns
  4678 | D:4      | Killed Grinder
  4678 | D:4      | Reached skill level 5 in Conjurations
  4874 | D:5      | Entered Level 5 of the Dungeon
  4875 | D:5      | Noticed Pikel
  4910 | D:4      | Killed Pikel
  4910 | D:4      | Reached skill level 5 in Fighting
  4910 | D:4      | Gained mutation: Your flesh is heat resistant. [Red Draconian growth]
  4910 | D:4      | Reached XP level 7. HP: 46/61 MP: 11/14
  5462 | D:5      | Killed Sigmund
  5496 | D:5      | Reached skill level 6 in Fighting
  5917 | D:6      | Noticed a two-headed ogre
  5930 | D:6      | Reached XP level 8. HP: 68/71 MP: 15/15
  5996 | D:5      | Killed a two-headed ogre
  5996 | D:5      | Reached skill level 7 in Fighting
  6283 | D:6      | Reached skill level 5 in Spellcasting
  6674 | D:6      | Reached skill level 6 in Conjurations
  7069 | D:6      | Found a sacrificial altar of Ru.
  7481 | D:7      | Found a staircase to the Ecumenical Temple.
  7494 | Temple   | Entered the Ecumenical Temple
  7704 | Temple   | Became a worshipper of Vehumet
  7720 | Temple   | Learned a level 5 spell: Fireball
  7797 | D:7      | Found a sand-covered staircase.
  7802 | Ossuary  | Entered an ossuary
  7906 | Ossuary  | Noticed George's ghost (amateur DEFE)
  7947 | Ossuary  | Killed George's ghost
  7947 | Ossuary  | Reached skill level 6 in Spellcasting
  7947 | Ossuary  | Reached skill level 1 in Fire Magic
  8084 | Ossuary  | Reached skill level 2 in Fire Magic
  8105 | Ossuary  | Reached * piety under Vehumet
  8105 | Ossuary  | Offered knowledge of Flame Tongue by Vehumet.
  8541 | D:7      | Reached skill level 3 in Fire Magic
  8541 | D:7      | Reached XP level 9. HP: 55/79 MP: 18/18
  8727 | D:7      | Found Umyuma Wifa's Antique Weapon Shop.
  8776 | D:7      | Reached skill level 7 in Conjurations
  9390 | D:7      | Reached skill level 4 in Fire Magic
  9622 | D:8      | Reached ** piety under Vehumet
  9820 | D:8      | Offered knowledge of Sandblast by Vehumet.
  9820 | D:8      | Reached skill level 5 in Fire Magic
 10386 | D:8      | Reached skill level 6 in Fire Magic
 10810 | D:8      | Reached skill level 7 in Spellcasting
 11015 | D:8      | Reached skill level 7 in Fire Magic
 11270 | D:9      | Found a white marble altar of Elyvilon.
 11307 | D:9      | Reached skill level 8 in Conjurations
 11467 | D:9      | Found a burning altar of Makhleb.
 11955 | D:9      | Reached XP level 10. HP: 69/86 MP: 20/20
 12128 | D:9      | Offered knowledge of Throw Flame by Vehumet.
 12128 | D:9      | Reached skill level 8 in Fire Magic
 12683 | D:9      | Noticed a hill giant
 12720 | D:9      | Killed a hill giant
 13081 | D:9      | Reached *** piety under Vehumet
 13185 | D:9      | Found a deep blue altar of Sif Muna.
 13209 | D:9      | Reached skill level 9 in Fire Magic
 13237 | D:8      | Reached skill level 9 in Conjurations
 13920 | D:9      | Found a basalt altar of Yredelemnul.
 14216 | D:10     | Entered Level 10 of the Dungeon
 14226 | D:10     | Noticed Nergalle
 14508 | D:9      | Killed Nergalle
 14508 | D:9      | Reached skill level 8 in Spellcasting
 14579 | D:9      | Offered knowledge of Throw Icicle by Vehumet.
 15023 | D:10     | Noticed Harold
 15064 | D:10     | Reached skill level 10 in Fire Magic
 15064 | D:10     | Killed Harold
 15175 | D:9      | Reached skill level 10 in Conjurations
 15175 | D:9      | Reached XP level 11. HP: 77/92 MP: 7/23
 15532 | D:9      | Reached skill level 2 in Dodging
 16117 | D:10     | Reached skill level 3 in Dodging
 16569 | D:10     | Learned a level 3 spell: Conjure Flame
 16945 | D:9      | Reached skill level 4 in Dodging
 16945 | D:9      | Reached skill level 9 in Spellcasting
 17174 | D:10     | Noticed Psyche
 17182 | D:10     | Killed Psyche
 17182 | D:10     | Reached **** piety under Vehumet
 17559 | D:10     | Found a white marble altar of Elyvilon.
 17748 | D:11     | Offered knowledge of Iskenderun's Battlesphere by Vehumet.
 17911 | D:11     | Learned a level 5 spell: Iskenderun's Battlesphere
 17941 | D:11     | Noticed George's ghost (journeyman GrFi)
 18255 | D:11     | Noticed a hill giant
 18262 | D:11     | Killed a hill giant
 18262 | D:11     | Reached skill level 1 in Charms
 18394 | D:11     | Found a staircase to the Lair.
 18459 | D:11     | Reached skill level 2 in Charms
 18678 | D:11     | Noticed a hill giant
 18698 | D:11     | Killed a hill giant
 18698 | D:11     | Reached skill level 3 in Charms
 19104 | D:11     | Reached skill level 10 in Spellcasting
 19355 | D:11     | Reached skill level 4 in Charms
 19477 | D:11     | Killed George's ghost
 19477 | D:11     | Reached XP level 12. HP: 81/100 MP: 2/26
 19973 | Lair:1   | Entered Level 1 of the Lair of Beasts
 20337 | Lair:1   | Reached skill level 5 in Charms
 20699 | Lair:1   | Reached skill level 11 in Spellcasting
 21834 | Lair:2   | Reached skill level 12 in Spellcasting
 22093 | Lair:2   | Reached skill level 5 in Dodging
 22823 | Lair:3   | Reached skill level 8 in Fighting
 22924 | Lair:3   | Reached ***** piety under Vehumet
 23043 | Lair:3   | Offered knowledge of Sticky Flame by Vehumet.
 23627 | Lair:4   | Reached skill level 6 in Dodging
 23883 | Lair:4   | Reached skill level 9 in Fighting
 24153 | Lair:4   | Found a staircase to the Swamp.
 24852 | Lair:4   | Reached XP level 13. HP: 111/111 MP: 14/29
 25025 | Lair:4   | Reached skill level 7 in Dodging
 25709 | Lair:5   | Reached skill level 10 in Fighting
 25853 | Lair:5   | Reached skill level 8 in Dodging
 26303 | Lair:5   | Reached skill level 9 in Dodging
 27195 | Lair:6   | Found a staircase to the Snake Pit.
 27439 | Lair:6   | Reached skill level 10 in Dodging
 28747 | Lair:7   | Found a dark tunnel.
 28758 | Volcano  | Entered a volcano
 29601 | Lair:7   | Reached skill level 1 in Shields
 29614 | Lair:6   | Reached skill level 2 in Shields
 29830 | Lair:7   | Reached skill level 3 in Shields
 29840 | Lair:7   | Offered knowledge of Force Lance by Vehumet.
 30171 | Lair:6   | Reached XP level 14. HP: 91/121 MP: 11/30
 30412 | Lair:7   | Reached skill level 4 in Shields
 30702 | Lair:7   | Reached skill level 13 in Spellcasting
 31111 | Lair:7   | Found a staircase to the Slime Pits.
 31443 | Lair:8   | Entered Level 8 of the Lair of Beasts
 32416 | Lair:7   | Reached skill level 14 in Spellcasting
 32542 | Lair:8   | Reached skill level 2 in Translocations
 33160 | Lair:7   | Offered knowledge of Delayed Fireball by Vehumet.
 33176 | Lair:7   | Learned a level 7 spell: Delayed Fireball
 34810 | Lair:8   | Learned a level 6 spell: Bolt of Fire
 35195 | Lair:8   | Reached skill level 11 in Conjurations
 35958 | Lair:8   | Reached skill level 11 in Fire Magic
 36121 | Lair:8   | Reached XP level 15. HP: 119/128 MP: 13/33
 37074 | D:12     | Offered knowledge of Poisonous Cloud by Vehumet.
 37370 | D:12     | Gained mutation: You are robust (+10% HP). [potion of beneficial mutation]
 37506 | D:12     | Found a portal to a secret trove of treasure.
 37742 | D:12     | Reached skill level 15 in Spellcasting
 38078 | D:12     | Reached skill level 11 in Fighting
 38371 | D:12     | Found a staircase to the Orcish Mines.
 39364 | D:13     | Reached skill level 12 in Fighting
 39997 | D:13     | Found Son Diso's Antique Weapon Shoppe.
 40134 | D:13     | Reached ****** piety under Vehumet
 40882 | D:13     | Offered knowledge of Spellforged Servitor by Vehumet.
 40924 | D:13     | Reached skill level 13 in Fighting
 41104 | D:14     | Found a gate to the Vaults.
 41104 | D:14     | Noticed Donald
 41150 | Orc:1    | Entered Level 1 of the Orcish Mines
 41550 | Orc:1    | Found Vablao's Jewellery Shoppe.
 41689 | Orc:2    | Entered Level 2 of the Orcish Mines
 41933 | Orc:1    | Noticed Erica
 42774 | Orc:2    | Found a staircase to the Elven Halls.
 42992 | Orc:2    | Cast into level 2 of the Abyss (an ogre mage)
 43065 | Abyss:2  | Found a shimmering altar of Xom.
 43112 | Abyss:2  | Noticed a bone dragon
 43190 | Abyss:2  | Noticed a hellephant
 43201 | Abyss:2  | Found a shadowy altar of Dithmenos.
 43386 | Orc:2    | Escaped the Abyss
 43846 | Orc:2    | Reached skill level 14 in Fighting
 43994 | Orc:2    | Reached skill level 2 in Stealth
 44088 | Orc:2    | Offered knowledge of Bolt of Cold by Vehumet.
 44232 | Orc:2    | Found Feus's Magic Scroll Emporium.
 44232 | Orc:2    | Found Rebili Xetho's Gadget Boutique.
 44233 | Orc:2    | Found Syudop's Magic Scroll Boutique.
 44233 | Orc:2    | Found Jeoteved's Antique Weapon Shoppe.
 44358 | Orc:2    | Reached skill level 3 in Stealth
 44578 | Orc:2    | Reached skill level 4 in Stealth
 44826 | Orc:2    | Bought a scroll of identify for 22 gold pieces
 44826 | Orc:2    | Bought a scroll of identify for 22 gold pieces
 44826 | Orc:2    | Bought a scroll of identify for 22 gold pieces
 44827 | Orc:2    | Bought a scroll of magic mapping for 52 gold pieces
 44827 | Orc:2    | Bought a scroll of fog for 30 gold pieces
 44827 | Orc:2    | Bought a scroll of identify for 30 gold pieces
 45392 | Orc:1    | Killed Erica
 45392 | Orc:1    | Reached skill level 5 in Stealth
 45977 | D:14     | Reached skill level 6 in Stealth
 45985 | D:14     | Reached XP level 16. HP: 160/160 MP: 15/35
 46774 | D:14     | Reached skill level 7 in Stealth
 46820 | D:14     | Killed Donald
 47397 | D:14     | Reached skill level 8 in Stealth
 47732 | D:14     | Found a stormy altar of Qazlal.
 47784 | D:14     | Learned a level 3 spell: Regeneration
 47798 | D:14     | Found a glowing silver altar of Zin.
 48006 | D:14     | Reached skill level 1 in Necromancy
 48232 | D:15     | Entered Level 15 of the Dungeon
 48254 | D:15     | Reached skill level 2 in Necromancy
 48616 | D:15     | Noticed Kirke
 48619 | D:15     | Killed Kirke
 48619 | D:15     | Reached skill level 3 in Necromancy
 48956 | D:15     | Reached skill level 4 in Necromancy
 49608 | D:15     | Found a staircase to the Depths.
 49621 | D:15     | Reached skill level 5 in Necromancy
 49803 | D:15     | Offered knowledge of Orb of Destruction by Vehumet.
 49860 | D:15     | Learned a level 7 spell: Orb of Destruction
 49935 | Orc:2    | Bought a glowing double sword for 495 gold pieces
 49981 | Orc:1    | Bought an uncursed amulet of regeneration for 450 gold pieces
 50162 | Swamp:1  | Entered Level 1 of the Swamp
 50190 | Swamp:1  | Noticed Louise
 50210 | Lair:4   | Cast into level 2 of the Abyss (Louise)
 50210 | Abyss:2  | Found a corrupted altar of Lugonu.
 50218 | Abyss:2  | Quit the game

Vault maps used:
D:1:      ncdulo_lavacross, minmay_tree_intersection, supply_closet_lemuel,
          minmay_statues_item
D:3:      grunt_pakellas_salt, nicolae_overflow_crystal_walls, uniq_robin
D:4:      nemelex_xobeh_ov_fountains_minmay, serial_shops,
          nicolae_shop_temple_entry_statues_fountains, first_bread, bloody_trog,
          uniq_grinder
D:5:      minmay_misc_feat_five, uniq_sigmund, uniq_pikel
D:6:      nicolae_ru_awakened_eye, kennysheep_crisscross
D:7:      minmay_temple_entry_trees, nicolae_ossuary_entry_false_entrances,
          serial_shops, shop
D:9:      yredelemnul_altar_generic, lemuel_crystal_altar,
          nicolae_overflow_hidden_temple, old_standard_altar, grunt_ogre_cave
D:10:     dk_vineyard_2, elyvilon_altar_3, uniq_nergalle, uniq_psyche,
          uniq_harold
D:11:     lair_0_dummy
D:12:     orc_0_dummy, trove_entry_hex_spiral
D:13:     serial_co_window_serial, co_window_of_opportunity_a,
          co_window_cross_1, co_window_corner_a, co_window_paths_a,
          co_window_paths_b, co_window_2corner, co_window_corner_cb,
          co_window_broadway_b, co_window_sun, co_window_4corner_a,
          glass_columns_a, serial_shops, shop, nooodl_orcs_dogs
D:14:     david_vaults_3, basic_altar, zin_angel
D:15:     hangedman_depths_entry_try_elsewhere_first, hangedman_decor_points,
          uniq_kirke
Temple:   chambers_temple_12
Lair:1:   wad_woods_tower, serial_bayou_pond_e, minmay_stone_trees_medium,
          minivault_27
Lair:3:   lemuel_fruit_tree
Lair:4:   swamp_mist_pool, grunt_forest_small_clearing_treed,
          serial_bayou_shore_b
Lair:6:   dummy_snake_entry
Lair:7:   dpeg_slime_entry_corner, nicolae_volcano_entry_lava_flow,
          minivault_27, serial_bayou_pond_e
Lair:8:   minmay_lair_end_enchanted_forest, infiniplex_staircase_pool
Swamp:1:  nicolae_swamp_trees_clearing, hangedman_swamp_ravenous, uniq_louise
Orc:1:    serial_shops, shop, uniq_erica
Orc:2:    st_orc_ogre_mass
Ossuary:  ossuary_tomb_1
Volcano:  volcano_pools

Vanquished Creatures
  Kirke Donald
  An orc warlord
  A dire elephant
  A great orb of eyes Harold
  9 hydras Erica
  4 ogre magi
  An anaconda
  6 centaur warriors
  2 catoblepae
  12 death yaks
  The ghost of George the Basher, a journeyman GrFi of Okawaru
  A thrashing horror
  A tengu warrior Nergalle
  A fire crab
  A skeletal warrior
  2 unseen horrors
  10 hill giants
  4 deep elf magi
  4 cyclopes Pikel
  4 griffons
  5 ugly things
  2 manticores
  4 orc sorcerers
  A salamander
  4 black mambas
  12 elephants
  2 toenail golems Psyche
  An orange demon Sigmund
  11 spiny frogs
  A kobold demonologist
  A smoke demon
  11 komodo dragons
  A yaktaur (shapeshifter)
  3 fire drakes
  4 polar bears
  A spriggan druid
  7 trolls Grinder
  A boulder beetle
  13 two-headed ogres
  26 blink frogs
  17 slime creatures
  A hornet zombie
  A shadow
  17 spriggans
  4 wyverns
  5 redbacks
  A vampire
  A fire bat (shapeshifter)
  3 hogs
  A wraith
  2 basilisks
  87 yaks
  17 humans
  A golden eye (shapeshifter)
  A soldier ant (shapeshifter)
  39 wolves
  13 hippogriffs
  5 wargs
  A steam dragon
  5 vampire mosquitoes
  A swamp worm
  5 hungry ghosts
  The ghost of George the Firebug, an amateur DEFE
  14 porcupines
  22 orc warriors
  4 sky beasts
  3 hell hounds
  5 black bears
  3 ice beasts
  7 wasps
  17 water moccasins
  A necrophage
  4 phantoms
  A slave
  35 ogres
  A big kobold
  28 centaurs
  18 crocodiles
  22 giant frogs
  2 gnoll sergeants
  A wyvern skeleton
  13 wights
  8 scorpions
  24 killer bees
  An electric eel
  10 crimson imps
  A quasit
  5 jellies
  6 centaur zombies
  A human zombie
  An iron imp
  5 hounds
  20 orc wizards
  4 centaur skeletons
  9 iguanas
  16 orc priests
  3 giant frog skeletons
  3 gnoll shamans
  A wyvern simulacrum
  22 sheep
  11 worker ants
  A big kobold zombie
  A hound skeleton
  A mummy Robin
  22 gnolls
  A worker ant zombie
  7 adders
  50 river rats
  4 shadow imps
  An ufetubus
  2 oozes
  3 adder zombies
  4 worms
  2 adder skeletons
  8 giant geckos
  83 orcs
  4 giant cockroaches
  12 hobgoblins
  2 ball pythons
  4 bats
  A giant cockroach zombie
  2 giant newts
  17 goblins
  A goblin zombie
  13 hobgoblin zombies
  6 jackals
  3 jackal zombies
  10 kobolds
  11 kobold zombies
  3 orc zombies
  3 quokkas
  2 quokka skeletons
  A quokka zombie
  6 rats
  A rat zombie
  15 fungi
  12 plants
1087 creatures vanquished.
